 Dungeon Crawl Stone Soup version 0.26.0-16-gc1dbca0489 (webtiles) character file.

Game seed: 12164078895411915531

2545 kaeus the Skirmisher (level 9, -9/108 HPs)
             Began as a Demonspawn Fighter on Jan 21, 2021.
             Was a Follower of Trog.
             Mangled by an orc warrior
             ... wielding a +0 trident
              (13 damage)
             ... on level 7 of the Dungeon.
             The game lasted 00:14:38 (7563 turns).

kaeus the Skirmisher (Demonspawn Fighter)           Turns: 7563, Time: 00:14:39

Health: -9/108     AC: 14    Str: 20    XL:     9   Next: 30%
Magic:  9/9        EV:  4    Int: 16    God:    Trog [*.....]
Gold:   356        SH: 10    Dex: 12    Spells: 8/8 levels left

rFire    + . .     SeeInvis .   H - +6 war axe (vorpal)
rCold    . . .     Faith    .   c - +0 kite shield
rNeg     . . .     Spirit   .   o - +0 plate armour
rPois    .         Reflect  .   (no helmet)
rElec    .         Harm     .   y - scarf {+Inv}
rCorr    .         Rampage  .   (no gloves)
Will     +....                  (no boots)
Stlth    ..........             (no amulet)
HPRegen  0.28/turn              v - +6 ring of intelligence
MPRegen  0.11/turn              s - ring of willpower

@: berserking, very quick
A: hooves 2, molten scales 1, fire resistance 1, powered by death 2
a: Renounce Religion, Evoke Invisibility, Berserk


You were on level 7 of the Dungeon.
You worshipped Trog.
Trog was aware of your devotion.
You visited 1 branch of the dungeon, and saw 7 of its levels.

You collected 356 gold pieces.

Inventory:

Hand Weapons
 u - a +2 whip of flaming
 C - a +3 vorpal mace
 G - a +2 mace of protection
 H - a +6 vorpal war axe (weapon)
Armour
 c - a +0 kite shield (worn)
 o - a +0 plate armour (worn)
 y - a scarf of invisibility (worn)
Jewellery
 a - an uncursed ring of wizardry
 s - a ring of willpower (right hand)
 v - a +6 ring of intelligence (left hand)
Wands
 D - a wand of random effects (14)
 E - a wand of digging (7)
Scrolls
 b - a scroll of enchant armour {unknown}
 e - 6 scrolls of identify {unknown}
 g - 5 scrolls of teleportation {unknown}
 i - 2 scrolls of fog {unknown}
 j - a scroll of amnesia {unknown}
 l - 2 scrolls of random uselessness {unknown}
 q - a scroll of enchant weapon {unknown}
 r - 2 scrolls of immolation {unknown}
 w - a scroll of remove curse {unknown}
Potions
 d - 3 potions of might
 f - a potion of experience {unknown}
 h - a potion of curing
 k - 2 potions of degeneration {unknown}
 n - 3 potions of brilliance {unknown}
 p - a potion of lignification {unknown}
 x - 2 potions of flight {unknown}
 z - a potion of attraction {unknown}
 A - a potion of heal wounds {unknown}
 B - a potion of berserk rage {unknown}
Miscellaneous
 F - a condenser vane


   Skills:
 + Level 7.0 Fighting
 - Level 2.8 Short Blades
 + Level 0.1(3.0) Axes
 - Level 5.0 Maces & Flails
 + Level 6.4 Armour
 + Level 6.3 Shields


You had 8 spell levels left.
You didn't know any spells.
Your spell library contained the following spells:

 Spells                   Type           Power        Failure   Level
 Blink                    Tloc           N/A          100%        2
 Gell's Gravitas          Tloc           0%           100%        3
 Lesser Beckoning         Tloc           0%           100%        3
 Teleport Other           Tloc           0%           100%        3
 Passage of Golubria      Tloc           N/A          100%        4


Dungeon Overview and Level Annotations

Branches:
Dungeon (7/15)             Temple (0/1) D:7

Altars:
Cheibriados
Elyvilon
Trog
Vehumet

Annotations:
D:7 2 runed translucent doors, Menkaure


Innate Abilities, Weirdness & Mutations

You have hoof-like feet.
You are partially covered in molten scales. (AC +2)
Your flesh is heat resistant. (rF+)
You regenerate health from kills.


Message History

You feel yourself moving faster!
You feel mighty! Something hits you but does no damage.
The orc throws a boomerang.
You block the boomerang.
The weapon returns to the orc!
Something hits you but does no damage.
You now have 16/108 hp.
You closely miss the orc warrior.
The orc warrior is severely wounded.
You slash something! Trog accepts your kill.
Trog appreciates your killing of a magic user.
Reactivating autopickup.
You feel a bit more experienced.
The orc warrior hits you with a +0 trident!
* * * LOW HITPOINT WARNING * * *
The orc throws a boomerang.
The boomerang hits you but does no damage.
The weapon returns to the orc!
You take 12 damage, and have 4/108 hp.
The orc warrior hits you with a +0 trident!
You die...

... ...........#......##.#..
..#.#...... ...##.>....#.. ..
...o...##.##......##.... ...
######..# ...#.##....##.
....##8.)8##.#.##.#....##....
...h#8....8#.#.......#.....#.
#.h+......'.#.##.##.#..##.#.
#.h+.....†Mo#..............
#..#8....8#@####............
#..##8..8##.o....###########
... ######.......# .#
#+###...# ##..# #..# #..#
#..# #..#


You could see an orc warrior, Menkaure, an orc priest and an orc.

Vanquished Creatures
  Pikel (D:4)
  An ugly thing (D:7)
  Sigmund (D:6)
  An ice beast (D:5)
  3 orc warriors
  A phantom (D:6)
  2 centaurs
  A bullfrog (D:6)
  2 hounds (D:5)
  Crazy Yiuf (D:6)
  A jelly (D:7)
  An orc priest (D:4)
  8 orc wizards
  A centaur skeleton (D:6)
  A bullfrog skeleton (D:5)
  6 worker ants
  2 hound skeletons
  10 adders
  5 gnolls
  2 ufetubi
  2 adder skeletons
  An adder zombie (D:5)
  A dart slug (D:2)
  2 leopard geckos
  20 orcs
  10 bats
  A giant cockroach (D:2)
  7 hobgoblins
  22 jackals
  3 quokkas
  A ball python skeleton (D:5)
  4 frilled lizards
  5 goblins
  9 kobolds
  A quokka skeleton (D:4)
  6 rats
146 creatures vanquished.

Vanquished Creatures (others)
  3 fungi (D:6)
3 creatures vanquished.

Grand Total: 149 creatures vanquished

Notes
Turn   | Place    | Note
-------+----------+-------------------------------------------
     0 | D:1      | kaeus the Demonspawn Fighter began the quest for the Orb.
     0 | D:1      | Reached XP level 1. HP: 18/18 MP: 1/1
   235 | D:1      | Gained mutation: You regenerate a little health from kills.
                  | [demonic ancestry]
   235 | D:1      | Reached XP level 2. HP: 19/24 MP: 2/2
   344 | D:1      | Reached XP level 3. HP: 29/29 MP: 3/3
   620 | D:1      | You fall into a shaft and drop 1 floor!
   711 | D:2      | Found a radiant altar of Vehumet.
  1111 | D:2      | Gained mutation: Your flesh is heat resistant. (rF+)
                  | [demonic ancestry]
  1111 | D:2      | Reached XP level 4. HP: 35/35 MP: 4/4
  1304 | D:2      | Found a white marble altar of Elyvilon.
  2499 | D:2      | Gained mutation: You have large cloven feet. [demonic
                  | ancestry]
  2499 | D:2      | Reached XP level 5. HP: 39/42 MP: 5/5
  3165 | D:4      | Reached skill level 4 in Fighting
  3168 | D:5      | Entered Level 5 of the Dungeon
  3168 | D:5      | Noticed an orc warrior
  4084 | D:4      | Reached skill level 1 in Maces & Flails
  4111 | D:4      | Gained mutation: You have hoof-like feet. [demonic
                  | ancestry]
  4111 | D:4      | Reached XP level 6. HP: 13/48 MP: 6/6
  4557 | D:4      | Noticed an orc warrior
  4599 | D:3      | Killed an orc warrior
  4945 | D:4      | Noticed an orc warrior
  4953 | D:4      | Killed an orc warrior
  4954 | D:4      | Gained mutation: You regenerate health from kills. [demonic
                  | ancestry]
  4954 | D:4      | Reached XP level 7. HP: 43/55 MP: 7/7
  5003 | D:4      | Noticed Pikel
  5033 | D:4      | Killed Pikel
  5034 | D:4      | Reached skill level 5 in Fighting
  5034 | D:4      | Reached skill level 5 in Armour
  5034 | D:4      | Reached skill level 5 in Shields
  5034 | D:4      | Gained mutation: You are partially covered in molten
                  | scales. (AC +2) [demonic ancestry]
  5034 | D:4      | Reached XP level 8. HP: 36/63 MP: 8/8
  5407 | D:4      | Found a bloodstained altar of Trog.
  5576 | D:4      | Became a worshipper of Trog the Wrathful
  6273 | D:5      | Reached skill level 6 in Fighting
  6459 | D:5      | Found a snail-covered altar of Cheibriados.
  6652 | D:6      | Noticed Sigmund
  6667 | D:6      | Killed Sigmund
  6805 | D:6      | Reached * piety under Trog
  6923 | D:6      | Found a runed translucent door.
  6924 | D:6      | Noticed Crazy Yiuf
  6936 | D:6      | Killed Crazy Yiuf
  7284 | D:6      | Reached XP level 9. HP: 32/71 MP: 9/9
  7481 | D:7      | Found a staircase to the Ecumenical Temple.
  7507 | D:7      | Found a large runed translucent door.
  7508 | D:7      | Found a large runed translucent door.
  7510 | D:7      | Noticed a red ugly thing
  7513 | D:7      | Found a large runed translucent door.
  7513 | D:7      | Found a large runed translucent door.
  7522 | D:7      | Killed a red ugly thing
  7523 | D:7      | Reached skill level 7 in Fighting
  7523 | D:7      | Reached skill level 5 in Maces & Flails
  7531 | D:7      | Noticed Menkaure
  7562 | D:7      | HP: 4/108 [orc warrior/+0 trident (12)]
  7563 | D:7      | Mangled by an orc warrior

Illustrated notes

Levels and vault maps discovered:
D:1:      nagdon_arrival_zigzag_paths, layout_loops_ring,
          hangedman_decor_growths
D:2:      layout_basic, nicolae_overflow_crystal_walls, fiery_altar_vehumet
D:3:      layout_basic
D:4:      layout_rooms, lightli_temple_of_fire, minmay_misc_feat_square,
          uniq_pikel
D:5:      layout_cave_pools, lemuel_doored_altar
D:6:      layout_loops_ring, uniq_sigmund, uniq_crazy_yiuf_cottage
D:7:      layout_rooms, lemuel_round_altar, nicolae_ashenzari_panopticon,
          nicolae_ru_the_path_less_chosen, minmay_temple_entry_ruins,
          minmay_hollow_rounded_squares, uniq_prince_ribbit1, uniq_menkaure,
          uniq_maggie

Skill      XL: |  1  2  3  4  5  6  7  8  9 |
---------------+----------------------------+-----
Short Blades   | 2 |  2.8
Armour         | 3 4 5 6 |  6.4
Shields        | 3 4 5 6 |  6.3
Fighting       | 4 5 6 7 |  7.0
Maces & Flails | 1 2 3 4 5 |  5.0
Axes           | |  0.1

Action                   |  1- 3 |  4- 6 |  7- 9 || total
-------------------------+-------+-------+-------++-------
Melee: Rapier            |   121 |   124 |       ||   245
       Flail             |       |   120 |   245 ||   365
       Kick              |       |    34 |    85 ||   119
       Whip              |       |       |    25 ||    25
       Mace              |       |       |    35 ||    35
       War axe           |       |       |     9 ||     9
Invok: Berserk           |       |       |     2 ||     2
Armor: Scale mail        |    51 |    61 |       ||   112
       Plate armour      |       |   108 |   208 ||   316
Dodge: Dodged            |    28 |    78 |    46 ||   152
Block: Kite shield       |    66 |   165 |   158 ||   389
